General information
- name: 2008-05-11 17:20:55 #2
- type: Custom game
- host: Waaagh!TV
- saver: segaiolo2
map: EchoIsles
- players: 6
- length: 14:46
- speed: Fast
- version: 1.21 W3XP
- replay type: Public
» download(114 KB)
Players
team 1 (loser)
Fnatic.Shy (
teal | 191 APM | 2818 actions | 14:43)
5 Pandaren Brewmaster
3 Breath of Fire
2 Drunken Haze
3 Naga Sea Witch
1 Frost Arrows
2 Forked Lightning
» actions
| Assign group hotkey | 56 | |
| Basic commands | 20 | |
| Build / train | 63 | |
| ESC pressed | 5 | |
| Enter build submenu | 17 | |
| Enter hero's abilities submenu | 9 | |
| Give item / drop item | 3 | |
| Right click | 1073 | |
| Select / deselect | 575 | |
| Select group hotkey | 890 | |
| Use ability | 107 | |
2818 total
» units
| Wisp | 24 | |
| Archer | 3 | |
| Forest Troll Berserker | 1 | |
| Dryad | 11 | |
39 total
» upgrades
» buildings
| Ancient of War | 2 | |
| Moon Well | 4 | |
| Altar of Elders | 1 | |
| Tree of Ages | 1 | |
| Hunter's Hall | 1 | |
| Tree of Life | 3 | |
| Ancient of Lore | 3 | |
| Ancient of Wonders | 1 | |
16 total
» build order
00:27 Ancient of War
00:31 Moon Well
01:12 Altar of Elders
01:17 Moon Well
02:48 Moon Well
03:28 Tree of Ages
05:03 Moon Well
05:10 Hunter's Hall
05:33 Tree of Life
06:20 Ancient of Lore
06:28 Ancient of Lore
06:29 Ancient of Lore
07:00 Tree of Life
07:23 Tree of Life
07:55 Ancient of War
10:19 Ancient of Wonders
» items
| Scroll of Healing | 3 | |
| Potion of Lesser Invulnerability | 1 | |
| Lesser Clarity Potion | 4 | |
| Potion of Healing | 2 | |
| Potion of Mana | 1 | |
| Staff of Preservation | 1 | |
12 total
team 2 (winner)
WE.Infi (
orange | 265 APM | 3908 actions | 14:44)
4 Archmage
2 Summon Water Elemental
2 Brilliance Aura
2 Mountain King
1 Storm Bolt
1 Bash
» actions
| Assign group hotkey | 451 | |
| Basic commands | 68 | |
| Build / train | 107 | |
| ESC pressed | 3 | |
| Enter build submenu | 25 | |
| Enter hero's abilities submenu | 6 | |
| Give item / drop item | 1 | |
| Right click | 1383 | |
| Select / deselect | 602 | |
| Select group hotkey | 1127 | |
| Use ability | 135 | |
3908 total
» units
| Peasant | 22 | |
| Footman | 15 | |
| Forest Troll Shadow Priest | 4 | |
| Forest Troll Berserker | 2 | |
| Mud Golem | 1 | |
| Ogre Mauler | 2 | |
| Rifleman | 9 | |
| Mortar Team | 5 | |
| Priest | 4 | |
| Sorceress | 1 | |
65 total
» upgrades
| Lumber Harvesting | 1 | |
| Long Rifles | 1 | |
| Flare | 1 | |
| Gunpowder | 3 | |
6 total
» buildings
| Altar of Kings | 1 | |
| Farm | 10 | |
| Barracks | 1 | |
| Scout Tower | 5 | |
| Arcane Tower | 3 | |
| Town Hall | 1 | |
| Keep | 1 | |
| Arcane Vault | 1 | |
| Lumber Mill | 1 | |
| Blacksmith | 1 | |
| Guard Tower | 2 | |
| Workshop | 1 | |
| Arcane Sanctum | 1 | |
29 total
» build order
00:04 Altar of Kings
00:15 Farm
00:17 Barracks
00:47 Farm
00:48 Farm
01:30 Farm
01:31 Farm
03:14 Scout Tower
03:26 Arcane Tower
03:27 Arcane Tower
03:28 Town Hall
04:38 Scout Tower
05:09 Keep
05:21 Arcane Vault
05:41 Lumber Mill
05:42 Scout Tower
05:59 Scout Tower
06:16 Blacksmith
06:26 Farm
06:27 Farm
06:46 Guard Tower
06:48 Arcane Tower
06:49 Scout Tower
07:40 Farm
07:59 Workshop
08:01 Arcane Sanctum
12:01 Farm
12:35 Farm
12:45 Guard Tower
» items
| Dust of Appearance | 1 | |
| Scroll of Town Portal | 2 | |
| Scroll of Regeneration | 2 | |
| Lesser Clarity Potion | 1 | |
| Scroll of Healing | 4 | |
| Potion of Lesser Invulnerability | 3 | |
| Potion of Invisibility | 1 | |
| Staff of Teleportation | 2 | |
| Potion of Mana | 1 | |
| Potion of Healing | 1 | |
18 total
refereesWTV,
segaiolo2,
Obs,
Irc Chat log
(00:03 / All) WTV: - gS-TV.Adstriker
(00:10 / All) Fnatic.Shy: gg hf
(02:02 / All) WTV: [Wiz] <<WE.Infi trains Summon Water Elemental (HU Archmage) >>
(02:46 / All) WTV: [Wiz] <<Fnatic.Shy trains Breath of Fire (Pandaren Brewmaster) >>
(03:03 / Referees) segaiolo2: /sp 4
(03:03 / All) WTV: New Replayspeed is 4.00.
(03:06 / All) WTV: [Wiz] <<WE.Infi trains Brilliance Aura (HU Archmage) >>
(03:25 / All) WTV: [Wiz] <<Fnatic.Shy trains Drunken Haze (Pandaren Brewmaster) >>
(03:39 / Referees) segaiolo2: /sp 0.1
(03:40 / All) WTV: New Replayspeed is 0.10.
(03:40 / All) WTV: New Replayspeed is 0.33.
(03:52 / All) WTV: New Replayspeed is 2.00.
(06:08 / All) WTV: [Wiz] <<Fnatic.Shy trains Frost Arrows (Sea Witch) >>
(06:25 / All) WTV: [Wiz] <<Fnatic.Shy trains Breath of Fire (Pandaren Brewmaster) >>
(07:54 / All) WTV: [Wiz] <<WE.Infi trains Summon Water Elemental (HU Archmage) >>
(09:26 / All) WTV: [Wiz] <<Fnatic.Shy trains Forked Lightning (Sea Witch) >>
(09:54 / All) WTV: [Wiz] <<WE.Infi trains Storm Bolt (HU Mountain King) >>
(10:18 / All) WTV: [Wiz] <<Fnatic.Shy trains Drunken Haze (Pandaren Brewmaster) >>
(12:10 / All) WTV: [Wiz] <<gS-TV.Adstriker laggs >>
(13:01 / All) WTV: [Wiz] <<WE.Infi trains Brilliance Aura (HU Archmage) >>
(13:10 / All) WTV: [Wiz] <<Fnatic.Shy trains Forked Lightning (Sea Witch) >>
(14:33 / All) WTV: [Wiz] <<WE.Infi trains Bash (HU Mountain King) >>
(14:34 / All) WTV: [Wiz] <<Fnatic.Shy trains Breath of Fire (Pandaren Brewmaster) >>
(14:43 / All) Fnatic.Shy: gg